 Dungeon Crawl Stone Soup version 0.16-a0-1982-g8124c91 (webtiles) character file.

75 RobertPalmer the Insei (level 4, -3/32 HPs)
             Began as a Demonspawn Transmuter on Nov 8, 2014.
             Slain by a worm (7 damage)
             ... on level 2 of the Dungeon.
             The game lasted 00:02:12 (1418 turns).

RobertPalmer the Insei (Demonspawn Transmuter)      Turns: 1418, Time: 00:02:12

Health: -3/32      AC:  2    Str: 10    XL:     4   Next: 11%
Magic:  7/7        EV: 12    Int: 15    God:
Gold:   92         SH:  0    Dex: 14    Spells: 1 memorised, 6 levels left

rFire  . . .     SeeInvis .       - Unarmed
rCold  . . .     Clarity  .     k - +0 robe (curse)
rNeg   . . .     SustAb   .     (no shield)
rPois  .         Gourm    .     (no helmet)
rElec  .         Spirit   .     (no cloak)
rCorr  .         Warding  .     (no gloves)
rMut   .         Stasis   .     (no boots)
MR     .....                    j - amulet of regeneration
Stlth  +.........               (no ring)
                                (no ring)

@: not resistant to hostile enchantments, very unstealthy
A: powered by death 1
a: no special abilities


You were on level 2 of the Dungeon.
You were not hungry.

You visited 1 branch of the dungeon, and saw 2 of its levels.

You collected 92 gold pieces.


Innate Abilities, Weirdness & Mutations

You can steal the life force of nearby defeated enemies.


   Skills:
 - Level 1.0 Fighting
 - Level 1.7 Dodging
 + Level 4.5 Unarmed Combat
 - Level 2.0 Spellcasting
 - Level 1.7 Transmutations


You had 6 spell levels left.
You knew the following spells:

 Your Spells              Type           Power        Failure   Level  Hunger
z - Beastly Appendage     Trmt           #.....       12%         1    #......

Inventory:

Missiles
 b - 35 arrows
Armour
 k - a cursed +0 robe (worn)
Jewellery
 j - an amulet of regeneration (around neck)
Scrolls
 c - 3 scrolls of enchant armour {unknown}
 e - a scroll of noise {unknown}
 l - a scroll of remove curse {unknown}
 m - a scroll of teleportation {unknown}
Potions
 f - 3 potions of curing {unknown}
 g - a potion of agility {unknown}
Books
 d - a book of Changes
Comestibles
 a - 5 bread rations
 h - a slice of pizza
 i - a meat ration

Dungeon Overview and Level Annotations

Branches:
Dungeon (2/15)

Altars:

#...# ##...# #.##.. #...#
###.# # #.##..
#...######.#####.##.##..
.......................#
###########.#####.##[#..#
#........##.# ##'##.#
#......$.##.# #...#.#
.......†w.##.# #...#..
........K@...#### #...#..
................# #...#..
.............†.# #.[....
.########.........#####.#
#........... ...#
#.......#########
##.####.# #.. #.# .# #(#
#(# .# #.#


You could see a worm and a kobold.


Message History

You punch the worm!
The worm is severely wounded.
The kobold closely misses you. The worm closely misses you.
You barely miss the worm.
The worm is severely wounded.
The kobold hits you with a short sword.
* * * LOW HITPOINT WARNING * * *
You hit the worm.
The worm is severely wounded.
The kobold closely misses you. The worm bites you but does no damage.
You barely miss the worm.
The worm is severely wounded.
The kobold misses you. The worm misses you.
You barely miss the worm.
The worm is severely wounded.
You feel less regenerative. The kobold hits you with a short sword.
You hit the worm but do no damage.
The worm is severely wounded.
The worm bites you!
* * * LOW HITPOINT WARNING * * *
You hit the worm.
The worm is almost dead.
The kobold closely misses you.
You completely miss the worm.
The worm is almost dead.
The kobold hits you with a short sword.
* * * LOW HITPOINT WARNING * * *
The worm bites you!
You die...

Action                   |  1- 3 |  4- 6 || total
-------------------------+-------+-------++-------
Melee: Unarmed           |   165 |    18 ||   183
 Stab: Sleeping          |     1 |       ||     1
  Eat: Chunk             |     1 |     1 ||     2

Vault maps used:
D:1:      onia_arrival_mini_spirals
D:2:      kennysheep_the_goblin_king, first_bread, minmay_fountain_box

Notes
Turn   | Place    | Note
--------------------------------------------------------------
     0 | D:1      | RobertPalmer, the Demonspawn Transmuter, began the quest for the Orb.
     0 | D:1      | Reached XP level 1. HP: 15/15 MP: 3/3
   225 | D:1      | Reached skill level 3 in Unarmed Combat
   413 | D:1      | Gained mutation: You can steal the life force of nearby defeated enemies. [demonic ancestry]
   413 | D:1      | Reached XP level 2. HP: 8/21 MP: 4/4
   583 | D:1      | Reached XP level 3. HP: 26/26 MP: 6/6
   597 | D:1      | Reached skill level 4 in Unarmed Combat
  1274 | D:2      | Reached XP level 4. HP: 24/32 MP: 7/7
  1418 | D:2      | Slain by a worm

Vanquished Creatures
  3 adders
  A gnoll (D:1)
  A giant gecko (D:1)
  8 goblins
  4 hobgoblins
  2 jackals (D:1)
  4 kobolds
  A quokka (D:2)
  A ball python (D:1)
  5 bats (D:1)
  A giant newt (D:1)
  8 rats
39 creatures vanquished.
